Cogmind - Beta 17 @@@ ROGUE MODE // 2026.06.22 @ 18:49:25 Player: Lazz Result: Destroyed by D-53 Grenadier with Mini Grenade Launcher Performance ------------- Evolutions (1) 500 Regions Visited (3) 600 Robots Destroyed (25) 125 Value Destroyed (608) 608 Prototype IDs (0) 0 Alien Tech Used (0) 0 Bonus (0) 0 TOTAL SCORE: 1833 Bonus ------- None Cogmind --------- Core Integrity 0/400 Matter 121/300 Energy 80/100 System Corruption 7% Temperature Cool (0) Movement Treading (170) Location -9/Mines Parts ------- > --- POWER (1) -------- (None) > --- PROPULSION (3) --- Armored Treads Armored Treads > --- UTILITY (2) ------ Small Storage Unit > --- WEAPON (3) ------- Rocket Launcher > --- INVENTORY (8) ---- High-capacity Matter Pod (0) Salvage Targeting Computer Light Armor Plating High-powered Shotgun Peak State ------------ > --- POWER ------------ Light Nuclear Core > --- PROPULSION ------- Light Treads Armored Treads Armored Treads > --- UTILITY ---------- Small Storage Unit Seismic Detector > --- WEAPON ----------- High-powered Shotgun High-powered Shotgun High-powered Shotgun > --- INVENTORY -------- Light Treads Armored Treads Armored Treads High-capacity Matter Pod Salvage Targeting Computer Light Armor Plating High-powered Shotgun Grenade Launcher [Rating: 22] Favorites ----------- Power Light Ion Engine Engine Light Ion Engine Power Core Light Nuclear Core Propulsion Light Treads Treads Light Treads Utility Small Storage Unit Device Seismic Detector Storage Small Storage Unit Protection Light Armor Plating Weapon Medium Laser Energy Gun Medium Laser Ballistic Gun High-powered Shotgun Launcher Grenade Launcher Build | -11 -10 -9 -9 ------- Run | Yrd Mat Mat Min Slots Evolved 2 | . . 2 . Power . | . . . . Propulsion 1 | . . 1 . Utility . | . . . . Weapon 1 | . . 1 . Parts Attached 22 | 6 5 6 5 Power 2 | 1 . . 1 Engine 1 | 1 . . . Core 1 | . . . 1 Reactor . | . . . . Propulsion 8 | 2 1 2 3 Treads 8 | 2 1 2 3 Leg . | . . . . Wheel . | . . . . Hover . | . . . . Flight . | . . . . Utility 3 | 1 2 . . Device 1 | . 1 . . Storage 1 | 1 . . . Processor . | . . . . Hackware . | . . . . Protection 1 | . 1 . . Artifact . | . . . . Weapon 9 | 2 2 4 1 Energy Gun 2 | 2 . . . Energy Cannon . | . . . . Ballistic Gun 4 | . . 4 . Ballistic Cannon . | . . . . Launcher 3 | . 2 . 1 Special Weapon . | . . . . Impact Weapon . | . . . . Slashing Weapon . | . . . . Piercing Weapon . | . . . . Special Melee Weapon . | . . . . Unidentified Prototypes . | . . . . Parts Lost 11 | . 2 . 9 Power 2 | . 1 . 1 Propulsion 4 | . 1 . 3 Utility 1 | . . . 1 Weapon 4 | . . . 4 Highest Loss Streak 9 | . 1 . 9 To Critical Strikes . | . . . . Average Backups 6 | . 6 7 7 Power . | . . . . Propulsion 2 | . 2 1 2 Utility 2 | . 2 3 3 Weapon 1 | . 1 1 2 Tool/Special . | . . . . Unused Backups 9 | . . 4 5 Power . | . . . . Propulsion 1 | . . 1 . Utility 5 | . . 1 4 Weapon 3 | . . 2 1 Tool/Special . | . . . . Average Slot Usage (%) 92 | . 94 82 90 Engine 6 | . 9 . . Core 1 | . . . 7 Treads 28 | . 27 30 30 Device 6 | . 5 11 9 Storage 13 | . 14 11 11 Protection 5 | . 8 . . Energy Gun 13 | . 19 . . Ballistic Gun 7 | . . 10 29 Launcher 8 | . 8 19 . Peak Build Rating 22 | 6 7 17 22 Average Rating 9 | 3 6 9 18 On Entrance 7 | . 6 6 17 Avg Prop Armor Cover (%) 16 | . . . 16 Naked Turns . | . . . . Heaviest Build 20 | 12 15 15 20 Greatest Support 60 | 40 40 60 60 Greatest Overweight (x) 2 | . . . 2 Average Overweight (x) . | . . . . Largest Inventory Capacity 8 | 8 8 8 8 Average Capacity 7 | 6 8 8 8 Most Carried 8 | 1 8 8 8 Average Carried 6 | . 6 7 7 Final Capacity 8 | 8 8 8 8 Final Carried 8 | 1 7 8 4 Class Distribution -------------------- 74% | Mutant 25% | Gunner Dominant Class ---------------- Mutant | -10/Materials Gunner | -9/Materials Gunner | -9/Mines Resources | -11 -10 -9 -9 ----------- Run | Yrd Mat Mat Min Matter Collected 850 | 232 110 68 440 Remotely . | . . . . Salvage Created 829 | . 308 184 337 Parts 42 | . 20 9 13 Haulers Intercepted 1 | . 1 . . Recyclers Shooed 2 | . 1 . 1 Parts Field Recycled . | . . . . Retrieved Matter . | . . . . Parts Self-Destructed . | . . . . Prevented . | . . . . Parts Restored . | . . . . Kills | -11 -10 -9 -9 ------- Run | Yrd Mat Mat Min Combat Hostiles Destroyed 27 | . 9 3 15 Guns 21 | . 7 . 14 AOE 6 | . 2 3 1 Classes Destroyed 9 | . 6 2 1 Tunneler 1 | . 1 . . Hauler 1 | . 1 . . Recycler 3 | . . 2 1 Operator 1 | . 1 . . Watcher 2 | . 2 . . Swarmer 6 | . 6 . . Grunt 8 | . 3 2 3 Sentry 3 | . . 1 2 Assembled 10 | . . . 10 Best Kill Streak 10 | . 3 4 10 Combat Bots Only 10 | . 3 2 10 Max Kills in Single Turn 3 | . 2 3 2 Gunslinging 1 | . . . 1 Exploded 1 | . 1 1 1 Melee . | . . . . Uniques/NPCs Destroyed . | . . . . Combat | -11 -10 -9 -9 -------- Run | Yrd Mat Mat Min Hostile Shots Fired 174 | . 63 13 98 Missed 42 | . 20 3 19 Hits 132 | . 43 10 79 Melee 15 | . . . 15 Projectile 117 | . 43 10 64 AOE 18 | . . . 18 Critical Strikes 1 | . . . 1 Part Disruptions 4 | . . . 4 Damage Taken 2571 | . 587 126 1858 Core 551 | . 136 36 379 Absorbed by Shields . | . . . . Core Remaining (%) 72 | 100 45 . . Volleys Fired 87 | . 53 10 24 Largest 3 | . 2 3 3 Hottest 100 | . 100 80 83 Shots Fired 152 | . 68 17 67 Gun 123 | . 56 7 60 Cannon . | . . . . Launcher 29 | . 12 10 7 Special . | . . . . Kinetic 67 | . . 7 60 Thermal 56 | . 56 . . Explosive 29 | . 12 10 7 Electromagnetic . | . . . . Robot Hit Streak 10 | . 10 8 9 Robot Miss Streak 7 | . 3 2 7 Penetration Max . | . . . . Secondary Targets 5 | . . . 5 Max Gunslinging Chain 2 | . . . 2 Shots Hit Robots 93 | . 38 8 47 Core Hits 74 | . 23 10 41 Critical Kills . | . . . . Critical Parts Destroyed . | . . . . Critical Strikes 2 | . 2 . . Burn 2 | . 2 . . Melee Attacks . | . . . . Impact . | . . . . Slashing . | . . . . Piercing . | . . . . Sneak Attacks . | . . . . Combat Hostiles . | . . . . Follow-up Attacks . | . . . . Damage Inflicted 2279 | . 639 483 1157 Guns 1385 | . 463 28 894 Cannons . | . . . . Explosions 894 | . 176 455 263 Melee . | . . . . Ramming . | . . . . Kinetic 922 | . . 28 894 Thermal 463 | . 463 . . Explosive 894 | . 176 455 263 Electromagnetic . | . . . . Impact . | . . . . Slashing . | . . . . Piercing . | . . . . Highest Corruption 7 | . . . 7 Average Corruption 6 | . . . 6 Corruption Purged . | . . . . Corruption Blocked . | . . . . Overload Shots . | . . . . Overflow Damage 72 | . 67 . 5 Projectiles . | . . . . Explosions 72 | . 67 . 5 Melee . | . . . . Knockbacks . | . . . . Impact . | . . . . Kinetic . | . . . . Secondary . | . . . . Self-Inflicted Damage 140 | . 140 . . Shots 3 | . 3 . . Rammed . | . . . . Targets Rammed . | . . . . Kicked . | . . . . Crushed . | . . . . Highest Temperature 350 | . 350 6 154 Average Temperature 93 | . 108 3 53 Received Heat Transfer 608 | . 156 48 404 Effects 2 | . 2 . . Energy Bleed 1 | . 1 . . Interference 1 | . 1 . . Siege Activations . | . . . . Martial Activations . | . . . . Shielding Activations . | . . . . Robots Disrupted . | . . . . Combat Hostiles . | . . . . Robots Corrupted . | . . . . Combat Hostiles . | . . . . Parts Fried . | . . . . Impact Corruptions . | . . . . Robots Melted . | . . . . Combat Hostiles . | . . . . Parts Melted 5 | . 4 . 1 Heat Transferred 1517 | . 1517 . . Parts Sabotaged . | . . . . Parts Stolen . | . . . . Parts Stripped . | . . . . Power Chain Reactions . | . . . . Alert | -11 -10 -9 -9 ------- Run | Yrd Mat Mat Min Maximum Alert Level . | . . . . Low Security (%) 100 | 100 100 100 100 Level 1 . | . . . . Level 2 . | . . . . Level 3 . | . . . . Level 4 . | . . . . Level 5 . | . . . . High Security . | . . . . Max Security . | . . . . Peak Influence 102 | . 89 101 102 Initial 34 | . . 34 27 Average 36 | . 29 64 50 Influence Increases 662 | . 411 127 124 Destroy 0b10 Robot/C 340 | . 180 60 100 Destroy 0b10 Robot/NC 40 | . 25 10 5 Destroy Leader 76 | . 46 20 10 Successful Hack 10 | . 10 . . Disable Machine 60 | . 60 . . Destroy Structure 121 | . 75 37 9 Lose Combat Pursuer 15 | . 15 . . Influence Decreases 662 | . 328 139 195 Entered New Map 93 | . . 49 44 Time Decay 520 | . 308 90 122 Lost Part 29 | . 20 . 9 Lost Ally 20 | . . . 20 Squads Dispatched 2 | . 1 1 . Investigation 1 | . . 1 . Extermination . | . . . . Reinforcement 1 | . 1 . . Assault . | . . . . Garrison . | . . . . Intercept . | . . . . Searches Triggered . | . . . . Construction Impeded . | . . . . Haulers Reinforced . | . . . . Active Scanning Responses . | . . . . Cargo Convoy Interrupts . | . . . . Stealth | -11 -10 -9 -9 --------- Run | Yrd Mat Mat Min Distress Signals . | . . . . Communications Jammed . | . . . . Distress Signals . | . . . . Times Spotted 50 | . 19 4 27 Peak Tracking Total 9 | . 4 2 9 Tactical Retreats 1 | . 1 . . Traps | -11 -10 -9 -9 ------- Run | Yrd Mat Mat Min Traps Triggered . | . . . . Indirectly . | . . . . Trap Hack Attempts . | . . . . Triggered . | . . . . Disarmed . | . . . . Reprogrammed . | . . . . Reused . | . . . . Traps Extracted . | . . . . Installed . | . . . . Triggered . | . . . . Machines | -11 -10 -9 -9 ---------- Run | Yrd Mat Mat Min Machines Disabled 4 | . 4 . . Max in Single Turn 1 | . 1 . . Machines Repaired . | . . . . Machines Dismantled . | . . . . Machines Sabotaged . | . . . . Overloaded Fab Kills . | . . . . Hacking | -11 -10 -9 -9 --------- Run | Yrd Mat Mat Min Machines Accessed 8 | . 6 2 . Terminals 8 | . 6 2 . Fabricators . | . . . . Repair Stations . | . . . . Recycling Units . | . . . . Scanalyzers . | . . . . Garrison Access . | . . . . Total Hacks 16 | . 12 4 . Successful 3 | . 3 . . Failed 13 | . 9 4 . Catastrophic 3 | . 1 2 . Database Lockouts . | . . . . Manual 19 | . 19 . . Terminals 16 | . 12 4 . Fabricators . | . . . . Repair Stations . | . . . . Recycling Units . | . . . . Scanalyzers . | . . . . Garrison Access . | . . . . Terminal Hacks 2 | . 2 . . Zone Layout 2 | . 2 . . Fabricator Hacks . | . . . . Repair Station Hacks . | . . . . Recycling Unit Hacks . | . . . . Scanalyzer . | . . . . Garrison Access Hacks . | . . . . Unauthorized Hacks 1 | . 1 . . Terminals 1 | . 1 . . Assimilate 1 | . 1 . . Fabricators . | . . . . Repair Stations . | . . . . Recycling Units . | . . . . Scanalyzers . | . . . . Garrison Access . | . . . . Data Cores Recovered 1 | . 1 . . Used 1 | . 1 . . Hacking Detections 7 | . 5 2 . Full Trace Events 3 | . 1 2 . Feedback Events . | . . . . Feedback Blocked . | . . . . Robot Schematics Acquired . | . . . . Robots Built . | . . . . Authchips . | . . . . Time . | . . . . Total Robot Build Rating . | . . . . Part Schematics Acquired . | . . . . Parts Built . | . . . . Authchips . | . . . . Time . | . . . . Total Part Build Rating . | . . . . Part Studies Acquired . | . . . . Parts Repaired . | . . . . Time . | . . . . Parts Recycled . | . . . . Recycled Matter . | . . . . Retrieved Matter . | . . . . Retrieved Components . | . . . . Parts Scanalyzed . | . . . . Part Schematics Acquired . | . . . . Parts Damaged . | . . . . Bothacking | -11 -10 -9 -9 ------------ Run | Yrd Mat Mat Min Used RIF Installer . | . . . . Robots Hacked . | . . . . Non-combat . | . . . . Combat . | . . . . Robot Hacks Applied . | . . . . Relay Couplers Released . | . . . . Fabnet Peak Effective % . | . . . . Robots Rewired . | . . . . Allies Hacked . | . . . . Hacks Repelled . | . . . . Allies | -11 -10 -9 -9 -------- Run | Yrd Mat Mat Min Total Allies 3 | . . . 3 Largest Group 3 | . . . 3 Highest-Rated Group 40 | . . . 40 Highest-Rated Ally 16 | . . . 16 Total Orders . | . . . . Ally Attacks 18 | . . . 18 Total Damage 183 | . . . 183 Kills 4 | . . . 4 Allies Corrupted . | . . . . Allies Melted . | . . . . Intel | -11 -10 -9 -9 ------- Run | Yrd Mat Mat Min Active Infowar (turns) 885 | . 398 192 295 Seismic 885 | . 398 192 295 Robot Analysis Total . | . . . . Derelict Logs Recovered . | . . . . Drone Launches . | . . . . Drone Recoveries . | . . . . Exploration | -11 -10 -9 -9 ------------- Run | Yrd Mat Mat Min Turns Passed 1700 | 85 1088 192 335 Spaces Moved 843 | 54 547 93 149 Core 12 | 9 . . 3 Treads 831 | 45 547 93 146 Legs . | . . . . Wheels . | . . . . Hover . | . . . . Flight . | . . . . Fastest Speed 50 | 50 160 160 150 Average Speed 159 | 141 160 160 164 Slowest Speed 170 | 160 160 163 170 Overloaded Moves . | . . . . Propulsion Burnouts . | . . . . Robots Hopped . | . . . . Potential Cave-ins . | . . . . Cave-ins Triggered . | . . . . Exploration Rate (%) 34 | 4 81 13 40 Regions Visited 3 Branch Regions 1 Pre-discovered Areas . | . . . . Known Exits Taken . | . . . . Unknown Exits Taken 3 | 1 1 1 . Scrap Searched . | . . . . Spaces Dug 17 | . 17 . . Terrain Destroyed 158 | . 101 45 12 Melee . | . . . . Projectile . | . . . . AOE 158 | . 101 45 12 Terrain Rammed . | . . . . Walls Destroyed . | . . . . Machines Disabled . | . . . . Actions | -11 -10 -9 -9 --------- Run | Yrd Mat Mat Min Total 1061 | 60 691 124 186 Wait 77 | . 77 . . Move 840 | 53 546 92 149 Hop . | . . . . Pick Up 17 | 1 7 7 2 Fast Attach 13 | 6 4 2 1 Attach 7 | . 1 2 4 Detach 1 | . . 1 . Swap 6 | . . 2 4 Drop 13 | . 3 8 2 Fire 87 | . 53 10 24 Melee . | . . . . Ram . | . . . . Kick . | . . . . Crush . | . . . . Escape Stasis . | . . . . Rewire . | . . . . Trap . | . . . . Miscellaneous . | . . . . Route ------- -11/Scrapyard -10/Materials (discovered 5 exits: *Mat x2 / [*Min x2] / [*Sub]) -9/Materials -9/Mines (discovered 1 exit: [*Mat]) History --------- Turn | Location | Event 5 | -11/Scrapyard | Discovered new exit (range 12) 86 | -11/Scrapyard | Entered Materials 307 | -10/Materials | Build established: Mutant 370 | -10/Materials | Discovered new exit (range 11) 751 | -10/Materials | Discovered new exit (range 12) 948 | -10/Materials | Discovered new exit (range 5) 1130 | -10/Materials | Discovered new exit (range 13) 1150 | -10/Materials | Discovered new exit (range 6) 1165 | -10/Materials | Core integrity fell below 50% 1174 | -10/Materials | Entered another Materials area 1174 | -9/Materials | Evolved 2 slots: Propulsion x1, Weapon x1 1303 | -9/Materials | Discovered new exit (range 7) 1366 | -9/Materials | Entered Mines 1432 | -9/Mines | Discovered new exit (range 9) 1443 | -9/Mines | Joined a pair of Derelicts in attacking an 0b10 outpost 1511 | -9/Mines | Build established: Gunner 1538 | -9/Mines | Received a Rocket Launcher from a helpful Derelict 1541 | -9/Mines | Assisted by bots powering up and referring to "LRC-V3" 1604 | -9/Mines | Assembled infested the area 1673 | -9/Mines | Core integrity fell below 50% 1686 | -9/Mines | Destroyed 10 combat bots 1692 | -9/Mines | Core integrity fell below 20% 1701 | -9/Mines | Destroyed by D-53 Grenadier with Mini Grenade Launcher Last Messages --------------- 01676_ Arm. Treads destroyed. 01678_ The unstable cave ceiling collapses. 01682_ U-05 Engineer lays Concrete. 01684_ Arm. Treads destroyed. 01685_ U-05 Engineer lays Concrete. 01686_ U-05 Engineer builds a Wall. 01692_ The unstable cave ceiling collapses. 01693_ U-05 Engineer lays Concrete. 01694_ The unstable cave ceiling collapses. 01694_ U-05 Engineer lays Concrete. 01695_ The unstable cave ceiling collapses. 01695_ U-05 Engineer lays Concrete. 01696_ Hpw. Shotgun destroyed. 01697_ Grenade Launcher destroyed. 01697_ U-05 Engineer lays Concrete. 01698_ The unstable cave ceiling collapses. 01699_ U-05 Engineer lays Concrete. 01700_ The unstable cave ceiling collapses. 01700_ U-05 Engineer lays Concrete. 01701_ The unstable cave ceiling collapses. Map ----- +----------------------------------------------------+ | ???????????????????????# ##? | | ???????????????????????# #?? | | ???????????????????????## #?? | | ????????????????????????# #?? | | ????????????????????????# #?? | | ??????????????????####### #?? | | ??????????????????# #?? | | ??????????????????# ##### | | ??????????????????# #???###### | | ??????????????????# #????????? | | ??????#??????###### #????????? | | ??????# ?????#" #????????? | | ??????# #????#%######????????? | | ?????## #???# #?????????????? | | ?????# =%#### ##????????????? | | ?????# ## ##?????? ?? | | ??????# ## ##??? ? | | ????????# = #?? ? | | ????????## * ## | | ??##?????# [ | | ?## ###### # | | ## # # | | | | # | | # d ? | | #@ d ? | | ### ? | | ## < #### ###?? | | ## # ### ##???####???? | | ?## #????##???????????? | | ??### ####?????????????????? | | ????#####????????????????????? | | ?????????????????????????????? | | ?????????????????????????????? | | | | | | | | | | | | | | | | | | | | | | | | | | | | | | | | | +----------------------------------------------------+ Best States ------------- Heat Dissipation 28 Energy Generation 14 Energy Capacity 160 Matter Stores 300 Matter Capacity 300 Sight Range 16 Terrain Scan Density 10 Armor Coverage 150 Evasion (%) 40 Recoil Reduction 3 Item Schematics ----------------- None Robot Schematics ------------------ None Fabricated ------------ Nothing Repaired ---------- Nothing Studied --------- None Alien Tech Used ----------------- None Achievements -------------- None Challenges ------------ None Game ------ Seed OmegaLinearBeacon Manual? 0 Play Time 00:16:40 Cumulative 212.0 hours Start 2026.06.22 @ 18:31:07 End 2026.06.22 @ 18:49:25 Sessions 1 Manual Loads 0 Difficulty Rogue Special Mode None Game No. 292 Rogue 292 Adventurer 0 Explorer 0 Win Type - Total 2 Types 1/0/0/1/0/0/0/0/0/0 Lore% 74 Gallery% 62 Achievement% 49 Wizard Run 0 Options --------- Layout 2 ASCII 0 Keyboard 0 Movement Mouse Keybinds 0 Fullscreen 1 Font 24/Smallcaps Map View 50x44 Zoom Use 0% Tactical HUD 1 Map Filters NONE Filters NONE Steam 1 RUN: f0c2e893-d231-4d9b-9d38-10120d455d53